 Dungeon Crawl Stone Soup version 0.19.1-1-g22dce08 (webtiles) character file.

61560 Jynx the Scorcher (level 14, -9/68 HPs)
             Began as a Deep Elf Fire Elementalist on Jan 7, 2017.
             Was a High Priest of Vehumet.
             Mangled by a seven-headed hydra (10 damage)
             ... on level 1 of the Swamp.
             The game lasted 01:18:15 (24549 turns).

Jynx the Scorcher (Deep Elf Fire Elementalist)     Turns: 24549, Time: 01:18:16

Health: -9/68      AC: 10    Str:  5    XL:     14   Next: 61%
Magic:  1/35       EV: 17    Int: 26    God:    Vehumet [*****.]
Gold:   1160       SH:  0    Dex: 15    Spells: 11 memorised, 2 levels left

rFire  . . .     SeeInvis +     u - +2 quarterstaff (chaos)
rCold  . . .     Gourm    .     G - +2 robe {MR+}
rNeg   . . .     Faith    .     (shield currently unavailable)
rPois  .         Spirit   .     p - +2 hat {SInv}
rElec  .         Reflect  .     y - +0 cloak
rCorr  .         Harm     .     j - +0 pair of gloves
MR     ++...                    m - +1 pair of boots
Stlth  ++........               (no amulet)
                                C - ring of wizardry
                                r - +4 ring of evasion

@: about to teleport, deflect missiles
A: no striking features
a: Renounce Religion


You were on level 1 of the Swamp.
You worshipped Vehumet.
Vehumet was extremely pleased with you.
You were very hungry.

You visited 3 branches of the dungeon, and saw 17 of its levels.
You also visited: Volcano.

You collected 1160 gold pieces.

Inventory:

Hand Weapons
 u - a +2 quarterstaff of chaos (weapon)
 P - a +0 dagger of chaos
Armour
 j - a +0 pair of gloves (worn)
 m - a +1 pair of boots (worn)
 p - a +2 hat of see invisible (worn)
 y - a +0 cloak (worn)
 G - a +2 robe of magic resistance (worn)
 Q - a +1 robe of fire resistance
Jewellery
 r - a +4 ring of evasion (left hand)
 C - a ring of wizardry (right hand)
 M - an uncursed ring of resist corrosion
Wands
 g - a wand of disintegration (11/24)
 k - a wand of digging (17/24)
 t - a wand of polymorph (12/24)
 H - a wand of confusion (23/48)
 L - a wand of disintegration (10/24)
 U - a wand of iceblast (9/15)
Scrolls
 l - a scroll of teleportation
 w - a scroll of enchant armour
 z - 3 scrolls of enchant weapon
 A - 11 scrolls of remove curse
 D - 3 scrolls of amnesia
 N - 2 scrolls of magic mapping
 Y - a scroll of brand weapon
Potions
 e - 6 potions of curing
 h - 4 potions of lignification
 n - 3 potions of might
 o - a potion of invisibility {unknown}
 q - 4 potions of mutation
 s - 3 potions of agility
 x - 4 potions of flight
 B - a potion of cure mutation
 F - a potion of berserk rage
 J - 2 potions of resistance
 O - a potion of ambrosia {unknown}
Books
 b - a book of Flames

   Spells                             Type                      Level
   a - Flame Tongue                   Conjuration/Fire             1
   b - Throw Flame                    Conjuration/Fire             2
   c - Conjure Flame                  Conjuration/Fire             3
   d - Inner Flame                    Hexes/Fire                   3
   e - Sticky Flame                   Conjuration/Fire             4
   f - Fireball                       Conjuration/Fire             5
 d - a book of Enchantments

   Spells                             Type                      Level
   a - Cause Fear                     Hexes                        4
   b - Yara's Violent Unravelling     Hexes/Transmutation          5
   c - Silence                        Hexes/Air                    5
   d - Deflect Missiles               Charms/Air                   6
   e - Discord                        Hexes                        8
 i - a book of Necromancy

   Spells                             Type                      Level
   a - Pain                           Necromancy                   1
   b - Animate Skeleton               Necromancy                   1
   c - Vampiric Draining              Necromancy                   3
   d - Regeneration                   Charms/Necromancy            3
   e - Animate Dead                   Necromancy                   4
   f - Control Undead                 Necromancy                   4
 I - a book of Conjurations

   Spells                             Type                      Level
   a - Magic Dart                     Conjuration                  1
   b - Searing Ray                    Conjuration                  2
   c - Dazzling Spray                 Conjuration/Hexes            3
   d - Fulminant Prism                Conjuration/Hexes            4
   e - Iskenderun's Mystic Blast      Conjuration                  4
   f - Iskenderun's Battlesphere      Conjuration/Charms           5
 K - a book of Air

   Spells                             Type                      Level
   a - Shock                          Conjuration/Air              1
   b - Swiftness                      Charms/Air                   2
   c - Repel Missiles                 Charms/Air                   2
   d - Static Discharge               Conjuration/Air              3
   e - Lightning Bolt                 Conjuration/Air              5
 V - a book of Battle

   Spells                             Type                      Level
   a - Infusion                       Charms                       1
   b - Shroud of Golubria             Charms/Translocation         2
   c - Song of Slaying                Charms                       2
   d - Spectral Weapon                Hexes/Charms                 3
   e - Regeneration                   Charms/Necromancy            3
 Z - a book of Misfortune

   Spells                             Type                      Level
   a - Confusing Touch                Hexes                        1
   b - Confuse                        Hexes                        3
   c - Gell's Gravitas                Hexes/Translocation          3
   d - Petrify                        Transmutation/Earth          4
   e - Metabolic Englaciation         Hexes/Ice                    5
   f - Yara's Violent Unravelling     Hexes/Transmutation          5
Miscellaneous
 R - a crystal ball of energy
Comestibles
 c - 7 bread rations
 f - 7 meat rations
 E - 7 fruits
 S - 10 royal jellies
 T - 2 beef jerkies


   Skills:
 - Level 0.7 Fighting
 - Level 2.4 Dodging
 - Level 2.4 Stealth
 + Level 15.0 Spellcasting
 + Level 12.3 Conjurations
 + Level 10.3 Charms
 * Level 16.7 Fire Magic
 + Level 7.4 Air Magic
 + Level 7.9 Evocations


You had 2 spell levels left.
You knew the following spells:

 Your Spells              Type           Power        Failure   Level  Hunger
a - Flame Tongue          Conj/Fire      #####        0%          1    None
b - Conjure Flame         Conj/Fire      #######.     1%          3    None
c - Sticky Flame          Conj/Fire      #######.     1%          4    None
d - Fireball              Conj/Fire      #######...   1%          5    #......
e - Iskenderun's Battles  Conj/Chrm      ######..     1%          5    #......
f - Repel Missiles        Chrm/Air       ######       1%          2    None
g - Lightning Bolt        Conj/Air       ######....   1%          5    #......
h - Orb of Destruction    Conj           ######....   2%          7    ######.
i - Shock                 Conj/Air       ####         1%          1    None
j - Swiftness             Chrm/Air       ######..     1%          2    None
k - Deflect Missiles      Chrm/Air       ######....   4%          6    ####...


Dungeon Overview and Level Annotations

Branches:
Dungeon (10/15)            Temple (0/1) D:4            Lair (6/6) D:10
  Swamp (1/4) Lair:2       Spider (0/4) Lair:4        Slime (0/5) Lair:6
    Orc: D:9-12

Altars:
Elyvilon
Fedhas
Hepliaklqana
Nemelex Xobeh
Qazlal
Ru
Sif Muna
Trog
Vehumet
Zin
The Shining One

Shops:
D:4 *   D:5 :


Message History

Mmm - a full handful of figs!
As you read the scroll of teleportation, it crumbles to dust.
You feel strangely unstable.
The seven-headed hydra completely misses you.
The seven-headed hydra misses you. The seven-headed hydra bites you!
The seven-headed hydra completely misses you. x2
The seven-headed hydra bites you.
* * * LOW HITPOINT WARNING * * *
The seven-headed hydra bites you!
* * * LOW HITPOINT WARNING * * *
A spriggan rider comes into view. It is wielding a spear.
Okay, then.
You feel better.
The seven-headed hydra closely misses you.
The seven-headed hydra bites you!
* * * LOW HITPOINT WARNING * * *
The seven-headed hydra closely misses you.
The seven-headed hydra completely misses you.
The seven-headed hydra bites you!
You die...

§≈≈§§§♣♣♣♣♣♣ ♣.≈
≈≈ ♣.≈≈....≈≈
.§§F§♣♣ ♣♣♣♣♣.≈
≈≈≈. .........≈≈
≈.§Z♣♣ ♣...≈≈≈
≈.. .≈....%...(.
≈..♣ ≈≈≈.≈≈.
.≈♣≈)≈≈≈..§..♣♣♣
..♣ ♣...≈..
≈i♣.≈≈≈≈≈≈≈≈♣ .≈
.%.....
≈≈≈.≈≈≈≈≈≈.♣ ≈
.≈.≈≈.†♣.≈≈.≈≈≈
...≈≈.§D†≈≈.≈≈≈
.≈≈..≈≈@♣♣♣
♣≈.$.♣♣♣♣ ≈.♣♣ ♣


You could see a seven-headed hydra and a spriggan rider (wandering).

Vanquished Creatures
  A thorn hunter (Swamp:1)
  The ghost of Brandom the Severer, a journeyman FoFi of Okawaru (Lair:4)
  6 dire elephants (Lair:6)
  A red draconian (Volcano)
  8 hydras
  The ghost of ImaNewbie the Destroyer, a journeyman DEWz of Sif Muna (Lair:3)
  An anaconda (Lair:6)
  The ghost of cuckmaster the Grappler, a novice TrBe of Trog (D:10)
  4 death yaks (Lair:6)
  A spriggan (Swamp:1)
  Sonja (Lair:2)
  Pikel (D:9)
  11 elephants
  3 black mambas
  Psyche (D:9)
  2 gargoyles (D:10)
  A torpor snail (Lair:6)
  12 spiny frogs
  4 komodo dragons
  A rime drake (Lair:5)
  Prince Ribbit (D:8)
  A queen bee (Lair:1)
  A slime creature (Lair:6)
  A bog body (Swamp:1)
  2 hornets
  Grinder (D:4)
  4 two-headed ogres
  8 dream sheep (Lair:6)
  20 blink frogs
  8 hippogriffs
  Sigmund (D:4)
  3 wyverns
  A shadow (Swamp:1)
  46 yaks
  A steam dragon (D:10)
  Grum (D:9)
  6 basilisks
  3 vampire mosquitoes (Swamp:1)
  Menkaure (D:4)
  2 swamp worms (Swamp:1)
  12 water moccasins
  12 porcupines
  12 ice beasts
  5 orc warriors
  2 eyes of draining (D:6)
  A phantom (D:5)
  4 slaves (D:9)
  9 ogres
  3 swamp drakes
  4 sky beasts
  17 wolves
  A centaur (D:7)
  14 crocodiles
  A big kobold (D:8)
  12 bullfrogs
  A water moccasin zombie (D:8)
  2 scorpions (D:9)
  17 killer bees (Lair:1)
  5 wights (D:9)
  5 howler monkeys
  8 electric eels
  10 crimson imps
  2 bullfrog zombies
  A quasit (D:5)
  4 hounds
  4 orc priests
  A centaur zombie (D:9)
  3 jellies
  A bullfrog skeleton (D:7)
  Crazy Yiuf (D:5)
  7 iguanas
  10 orc wizards
  5 hell rats (Lair:3)
  16 worker ants
  A killer bee zombie (D:8)
  14 adders
  14 gnolls
  3 shadow imps
  An ooze (D:2)
  An adder skeleton (D:8)
  An adder zombie (D:5)
  3 worms
  2 dart slugs
  10 leopard geckos
  28 orcs
  2 ball pythons (D:4)
  2 giant cockroaches
  10 goblins
  7 hobgoblins
  11 jackals
  13 kobolds
  3 quokkas
  4 bats
  A frilled lizard (D:4)
  A jackal skeleton (D:8)
  A leopard gecko skeleton (D:5)
  10 rats
  2 fungi (Lair:2)
531 creatures vanquished.

Vanquished Creatures (others)
  Erica (D:8)
  A spiny frog (Swamp:1)
  4 fungi
  12 plants
18 creatures vanquished.

Grand Total: 549 creatures vanquished

Notes
Turn   | Place    | Note
-------+----------+-------------------------------------------
     0 | D:1      | Jynx the Deep Elf Fire Elementalist began the quest for the Orb.
     0 | D:1      | Reached XP level 1. HP: 10/10 MP: 6/6
   418 | D:1      | Reached XP level 2. HP: 15/15 MP: 6/8
   461 | D:1      | Reached skill level 4 in Fire Magic
  1056 | D:2      | Reached XP level 3. HP: 19/19 MP: 7/10
  1082 | D:2      | Learned a level 3 spell: Conjure Flame
  1561 | D:2      | Reached XP level 4. HP: 24/24 MP: 7/12
  1993 | D:3      | Reached skill level 5 in Fire Magic
  2038 | D:3      | Found a blossoming altar of Fedhas.
  2056 | D:3      | Found a radiant altar of Vehumet.
  2057 | D:3      | Found a white marble altar of Elyvilon.
  2098 | D:3      | Found a deep blue altar of Sif Muna.
  2098 | D:3      | Found a glowing silver altar of Zin.
  2102 | D:3      | Became a worshipper of Vehumet
  2137 | D:3      | Learned a level 4 spell: Sticky Flame
  2505 | D:3      | Reached XP level 5. HP: 28/28 MP: 4/13
  2605 | D:4      | Noticed Sigmund
  2651 | D:4      | Noticed Menkaure
  2654 | D:4      | Killed Menkaure
  2654 | D:4      | Reached skill level 5 in Spellcasting
  2654 | D:4      | Reached XP level 6. HP: 28/32 MP: 8/15
  2854 | D:4      | Reached skill level 6 in Fire Magic
  3013 | D:4      | Reached * piety under Vehumet
  3013 | D:4      | Offered knowledge of Shock by Vehumet.
  3210 | D:4      | Found a staircase to the Ecumenical Temple.
  3261 | D:4      | Reached XP level 7. HP: 28/36 MP: 10/18
  3405 | D:4      | Killed Sigmund
  3441 | D:4      | Reached skill level 7 in Fire Magic
  3544 | D:4      | Found Luar's Serpentskin Sales.
  3555 | D:4      | Learned a level 5 spell: Fireball
  3664 | D:4      | Noticed Grinder
  3670 | D:4      | Paralysed by Grinder for 3 turns
  3674 | D:4      | Killed Grinder
  3747 | D:5      | Entered Level 5 of the Dungeon
  3749 | D:5      | Found a sparkling altar of Nemelex Xobeh.
  3825 | D:5      | Learned a level 1 spell: Shock
  3838 | D:5      | Reached XP level 8. HP: 40/41 MP: 9/21
  3957 | D:5      | Reached skill level 5 in Conjurations
  4232 | D:5      | Found Toak Ecsio's Book Emporium.
  4437 | D:5      | Offered knowledge of Freeze by Vehumet.
  4535 | D:5      | Reached ** piety under Vehumet
  4539 | D:5      | Reached skill level 8 in Fire Magic
  4546 | D:5      | HP: 2/41 [gnoll/spear (4)]
  5200 | D:5      | Found a runed door.
  5316 | D:5      | Found a faded altar of an unknown god.
  5316 | D:5      | Found a hazy altar of Hepliaklqana.
  5331 | D:5      | Found a faded altar of an unknown god.
  5336 | D:5      | Found a faded altar of an unknown god.
  5339 | D:5      | Found a faded altar of an unknown god.
  5420 | D:5      | Noticed Crazy Yiuf
  5424 | D:5      | Killed Crazy Yiuf
  5594 | D:6      | Reached skill level 9 in Fire Magic
  5842 | D:6      | Found a bloodstained altar of Trog.
  5874 | D:6      | Reached XP level 9. HP: 46/46 MP: 0/23
  6153 | D:6      | Found a sacrificial altar of Ru.
  6599 | D:7      | Reached skill level 10 in Fire Magic
  6691 | D:7      | Offered knowledge of Stone Arrow by Vehumet.
  6792 | D:7      | Found a stormy altar of Qazlal.
  6859 | D:7      | Found a glowing golden altar of the Shining One.
  7115 | D:7      | Reached *** piety under Vehumet
  7245 | D:7      | Found a deep blue altar of Sif Muna.
  7374 | D:8      | Reached skill level 10 in Spellcasting
  7490 | D:8      | Noticed Prince Ribbit
  7496 | D:8      | Killed Prince Ribbit
  7623 | D:8      | Reached skill level 11 in Fire Magic
  7780 | D:8      | Offered knowledge of Static Discharge by Vehumet.
  7814 | D:8      | Reached XP level 10. HP: 44/51 MP: 21/26
  8046 | D:8      | Paralysed by a hornet for 2 turns
  8270 | D:8      | Noticed Erica
  8280 | D:8      | Killed Erica
  8476 | D:9      | Noticed Pikel
  8480 | D:9      | Killed Pikel
  8480 | D:9      | Reached skill level 12 in Fire Magic
  8586 | D:8      | Reached **** piety under Vehumet
  8696 | D:9      | Offered knowledge of Olgreb's Toxic Radiance by Vehumet.
  8716 | D:9      | Noticed Grum
  8723 | D:9      | Killed Grum
  9543 | D:9      | Reached skill level 13 in Fire Magic
  9543 | D:9      | Reached XP level 11. HP: 55/55 MP: 18/28
  9750 | D:9      | Noticed Psyche
  9754 | D:9      | Killed Psyche
 10165 | D:10     | Entered Level 10 of the Dungeon
 10293 | D:10     | Learned a level 2 spell: Repel Missiles
 10667 | D:10     | Reached skill level 1 in Air Magic
 11066 | D:10     | Noticed cuckmaster's ghost (novice TrBe)
 11638 | D:10     | Reached skill level 1 in Charms
 11642 | D:10     | Reached ***** piety under Vehumet
 11790 | D:10     | Offered knowledge of Freezing Cloud by Vehumet.
 11834 | D:10     | Found a staircase to the Lair.
 12360 | D:10     | Killed cuckmaster's ghost
 12360 | D:10     | Reached skill level 10 in Conjurations
 12360 | D:10     | Reached skill level 1 in Evocations
 12705 | Lair:1   | Entered Level 1 of the Lair of Beasts
 12887 | Lair:1   | Reached skill level 14 in Fire Magic
 13466 | Lair:1   | Reached XP level 12. HP: 60/60 MP: 2/30
 14196 | Lair:2   | Noticed Sonja
 14199 | Lair:2   | Killed Sonja
 14372 | Lair:2   | Found a staircase to the Swamp.
 14911 | Lair:2   | Noticed a four-headed hydra
 14915 | Lair:2   | Killed a four-headed hydra
 15266 | Lair:2   | Learned a level 5 spell: Lightning Bolt
 15359 | Lair:3   | Noticed a six-headed hydra
 15362 | Lair:3   | Killed a six-headed hydra
 15362 | Lair:3   | Reached skill level 5 in Charms
 15882 | Lair:3   | Noticed ImaNewbie's ghost (journeyman DEWz)
 15885 | Lair:3   | Killed ImaNewbie's ghost
 16546 | Lair:3   | Reached skill level 15 in Fire Magic
 16891 | Lair:3   | Reached skill level 5 in Air Magic
 17306 | Lair:4   | Noticed Brandom's ghost (journeyman FoFi)
 17316 | Lair:4   | Killed Brandom's ghost
 17555 | Lair:4   | Noticed a seven-headed hydra
 17558 | Lair:4   | Killed a seven-headed hydra
 17558 | Lair:4   | Reached skill level 5 in Evocations
 17558 | Lair:4   | Reached XP level 13. HP: 64/64 MP: 18/32
 17695 | Lair:4   | Offered knowledge of Orb of Destruction by Vehumet.
 17704 | Lair:4   | Learned a level 7 spell: Orb of Destruction
 17936 | Lair:4   | Found a hole to the Spider Nest.
 18474 | Lair:5   | Found a dark tunnel.
 18494 | Volcano  | Entered a volcano
 18515 | Volcano  | Noticed a red draconian
 18525 | Volcano  | Killed a red draconian
 19388 | Lair:6   | Entered Level 6 of the Lair of Beasts
 19661 | Lair:6   | Found a staircase to the Slime Pits.
 20687 | Lair:6   | Noticed a dire elephant
 20761 | Lair:6   | Noticed a dire elephant
 20772 | Lair:6   | Killed a dire elephant
 20787 | Lair:6   | Noticed a dire elephant
 20998 | Lair:5   | Reached skill level 16 in Fire Magic
 21512 | Lair:6   | Noticed a dire elephant
 21517 | Lair:6   | Killed a dire elephant
 21539 | Lair:6   | Reached XP level 14. HP: 68/68 MP: 10/34
 22259 | Lair:5   | Offered knowledge of Iron Shot by Vehumet.
 24116 | Lair:4   | Learned a level 5 spell: Iskenderun's Battlesphere
 24119 | Lair:4   | Learned a level 2 spell: Swiftness
 24126 | Lair:4   | Learned a level 6 spell: Deflect Missiles
 24269 | Swamp:1  | Entered Level 1 of the Swamp
 24292 | Swamp:1  | Reached skill level 10 in Charms
 24303 | Swamp:1  | Noticed a thorn hunter
 24308 | Swamp:1  | Killed a thorn hunter
 24484 | Swamp:1  | HP: 3/68 [slime creature (10)]
 24527 | Swamp:1  | Reached skill level 15 in Spellcasting
 24549 | Swamp:1  | HP: 1/68 [seven-headed hydra (17)]
 24549 | Swamp:1  | Mangled by a seven-headed hydra

Skill      XL: |  1  2  3  4  5  6  7  8  9 10 11 12 13 14 |
---------------+-------------------------------------------+-----
Fire Magic     | 4 5 6 7 9 11 13 14 15 16 | 16.7
Spellcasting   | 4 5 6 7 8 10 11 12 13 14 15 | 15.0
Conjurations   | 2 3 4 6 7 9 10 11 12 | 12.3
Air Magic      | 3 5 6 7 |  7.4
Charms         | 3 6 9 10 | 10.3
Evocations     | 2 5 6 7 |  7.9
Fighting       | |  0.7
Dodging        | |  2.4
Stealth        | |  2.4

Action                   |  1- 3 |  4- 6 |  7- 9 | 10-12 | 13-15 || total
-------------------------+-------+-------+-------+-------+-------++-------
Melee: Quarterstaff      |       |       |       |     7 |     6 ||    13
 Cast: Flame Tongue      |    61 |    99 |   313 |   359 |   142 ||   974
       Conjure Flame     |       |     3 |     7 |    13 |       ||    23
       Sticky Flame      |       |     2 |     8 |    32 |    12 ||    54
       Shock             |       |       |    44 |    33 |     2 ||    79
       Fireball          |       |       |    12 |   147 |   140 ||   299
       Repel Missiles    |       |       |       |     2 |       ||     2
       Lightning Bolt    |       |       |       |     5 |    23 ||    28
       Orb of Destructio |       |       |       |       |    21 ||    21
       Iskenderun's Batt |       |       |       |       |     9 ||     9
       Deflect Missiles  |       |       |       |       |     1 ||     1
  Use: Scroll            |       |       |    15 |    12 |    12 ||    39
       Potion            |       |       |     2 |     2 |     4 ||     8
  Eat: Chunk             |     2 |     5 |    15 |    38 |    26 ||    86
       Beef jerky        |       |       |     1 |       |     1 ||     2
       Fruit             |       |       |       |     4 |     4 ||     8
       Pizza             |       |       |       |       |     1 ||     1
Armor: Robe              |     1 |     8 |    21 |    28 |    22 ||    80
Dodge: Dodged            |    16 |    19 |    77 |   112 |    66 ||   290
       Deflected         |       |       |       |     1 |     2 ||     3
